 Dungeon Crawl Stone Soup version 0.17.1-1-g73c8601 (webtiles) character file.

5996 PossumBlood the Carver (level 11, -4/92 HPs)
             Began as a Formicid Fighter on Dec 18, 2015.
             Was a Follower of Makhleb.
             Shot with an arrow by a centaur (7 damage)
             ... on level 9 of the Dungeon.
             The game lasted 00:32:33 (9240 turns).

PossumBlood the Carver (Formicid Fighter)           Turns: 9240, Time: 00:32:33

Health: -4/92      AC: 16    Str: 24    XL:     11   Next: 10%
Magic:  11/11      EV:  5    Int:  8    God:    Makhleb [*.....]
Gold:   365        SH:  9    Dex: 10    Spells: 0 memorised, 10 levels left

rFire  + . .     SeeInvis +     a - +1 long sword
rCold  + . .     Clarity  .     n - +0 plate armour
rNeg   . . .     SustAt   +     c - +0 shield
rPois  +         Gourm    .     (helmet unavailable)
rElec  +         Spirit   .     d - +2 cloak
rCorr  +         Warding  .     r - +0 pair of gloves
rMut   .         Stasis   +     m - +0 pair of boots
MR     +....                    (no amulet)
Stlth  ..........               (no ring)
                                z - ring of sustain attributes

@: lethally poisoned (-4 -> -4), resistant, somewhat resistant to hostile
enchantments, extremely unstealthy
A: permanent stasis, dig shafts and tunnels, four strong arms, antennae 3
a: Dig, Shaft Self, Renounce Religion


You were on level 9 of the Dungeon.
You worshipped Makhleb.
Makhleb was aware of your devotion.
You were not hungry.

You visited 2 branches of the dungeon, and saw 10 of its levels.

You collected 365 gold pieces.

Inventory:

Hand Weapons
 a - a +1 long sword (weapon)
 p - the +5 spear of the Pure Wonders {speed, rC- MR- Int+9}
   (You found it on level 4 of the Dungeon)

   Attacks with this weapon are significantly faster.
   It affects your intelligence (+9).
   It makes you vulnerable to cold.
   It affects your resistance to hostile enchantments.
 q - the +7 dagger of Watchfulness {speed, Stlth+}
   (You found it on level 6 of the Dungeon)

   Attacks with this weapon are significantly faster.
   It makes you more stealthy.
 u - a +2 falchion
 y - a +0 rapier
Missiles
 F - 6 tomahawks (quivered)
Armour
 c - a +0 shield (worn)
 d - a +2 cloak (worn)
 m - a +0 pair of boots (worn)
 n - a +0 plate armour (worn)
 r - a +0 pair of gloves (worn)
Magical Staves
 D - an uncursed staff of power {unknown}
Jewellery
 z - a ring of sustain attributes (left hand)
Wands
 h - a wand of teleportation (3)
Scrolls
 t - a scroll of recharging
 v - a scroll of fog
 x - a scroll of fear
 A - 4 scrolls of remove curse
 G - a scroll of magic mapping {unknown}
Potions
 b - 2 potions of magic
 f - 2 potions of flight
 k - a potion of cancellation {unknown}
 l - 4 potions of brilliance
 w - a potion of ambrosia {unknown}
 B - a potion of lignification {unknown}
 C - a potion of cure mutation {unknown}
Comestibles
 e - 5 bread rations
 i - 4 meat rations


   Skills:
 + Level 10.4 Fighting
 * Level 12.9 Long Blades
 - Level 3.2 Armour
 - Level 3.6 Shields


You had 10 spell levels left.
You didn't know any spells.

Dungeon Overview and Level Annotations

Branches:
Dungeon (9/15)             Temple (1/1) D:7
   Lair: D:8-11         Orc: D:9-12

Altars:
Ashenzari
Cheibriados
Dithmenos
Elyvilon
Fedhas
Gozag
Kikubaaqudgha
Makhleb
Nemelex Xobeh
Okawaru
Qazlal
Ru
Sif Muna
Trog
Vehumet
Xom
Yredelemnul
Zin
The Shining One

Shops:
D:9 =


Innate Abilities, Weirdness & Mutations

You are under a permanent stasis effect.
You can dig through walls and to a lower floor.
Your four strong arms can wield two-handed weapons with a shield.
You have a pair of large antennae on your head (SInv).


Message History

* * * LOW HITPOINT WARNING * * *
You slash the two-headed ogre!
The two-headed ogre is moderately wounded.
You block the bat's attack. The yak gores you!
* * * LOW HITPOINT WARNING * * *
The two-headed ogre hits you but does no damage.
The two-headed ogre hits you with a giant club!
* * * LOW HITPOINT WARNING * * *
The adder bites you.
* * * LOW HITPOINT WARNING * * *
You are poisoned.
The adder poisons you! The yak completely misses you.
The bat hits you but does no damage.
Drink which item? (? for menu, Esc to quit)
It was a potion of resistance.
You feel protected.
You feel sick. You block the bat's attack. You block the adder's attack.
The yak gores you but does no damage.
The centaur shoots an arrow.
The arrow hits you!
You die... ..... ..... {..... rar...

###YcS...
##≈≈≈Yr...
##≈≈≈≈≈r...
#########@Sb∩≈≈r...
........
...........≈≈≈.....
..............#####
..............#
..............#
..............#
..............#
..............#


You could see 4 yaks, a two-headed ogre, a centaur, a worker ant, 2 adders, a
bat and 4 rats.

Vanquished Creatures
  A gargoyle (D:8)
  A centaur skeleton (D:8)
  Prince Ribbit (D:7)
  2 two-headed ogres
  A spriggan (D:7)
  2 yaks (D:9)
  Eustachio (D:5)
  A wyvern (D:8)
  2 hungry ghosts (D:8)
  A hippogriff (D:7)
  2 water moccasins (D:8)
  A sky beast (D:6)
  Duvessa (D:7)
  2 ice beasts
  A black bear (D:8)
  2 orc warriors
  A centaur (D:7)
  4 ogres
  A phantom (D:8)
  A crocodile (D:8)
  A big kobold (D:8)
  4 giant frogs
  A gnoll sergeant (D:8)
  Dowan (D:7)
  2 scorpions
  7 wights
  11 crimson imps
  2 giant frog zombies
  2 giant frog skeletons
  2 orc priests (D:4)
  Crazy Yiuf (D:3)
  10 orc wizards
  10 worker ants
  4 hounds
  An iguana (D:8)
  A hound skeleton (D:5)
  7 adders
  9 gnolls (D:8)
  A shadow imp (D:3)
  An ooze (D:3)
  2 adder skeletons
  3 worms
  27 orcs
  5 giant cockroaches
  4 goblins
  A hobgoblin (D:2)
  9 jackals
  3 ball pythons
  8 bats
  7 giant geckos
  4 giant newts
  10 kobolds
  5 quokkas
  7 rats
202 creatures vanquished.

Notes
Turn   | Place    | Note
--------------------------------------------------------------
     0 | D:1      | PossumBlood the Formicid Fighter began the quest for the Orb.
     0 | D:1      | Reached XP level 1. HP: 18/18 MP: 1/1
   455 | D:1      | Reached XP level 2. HP: 21/24 MP: 2/2
   821 | D:2      | Reached XP level 3. HP: 26/30 MP: 3/3
  1039 | D:2      | Reached skill level 4 in Fighting
  1284 | D:2      | Reached XP level 4. HP: 34/37 MP: 4/4
  1355 | D:2      | Found a sacrificial altar of Ru.
  2198 | D:3      | Noticed an ogre
  2211 | D:3      | Killed an ogre
  2211 | D:3      | Reached XP level 5. HP: 14/43 MP: 5/5
  2477 | D:3      | Found a blossoming altar of Fedhas.
  2511 | D:3      | Reached XP level 6. HP: 26/50 MP: 6/6
  2663 | D:3      | Found a snail-covered altar of Cheibriados.
  2668 | D:3      | Found a shimmering altar of Xom.
  2669 | D:3      | Found a stormy altar of Qazlal.
  2679 | D:3      | Found a shattered altar of Ashenzari.
  2748 | D:3      | Noticed Crazy Yiuf
  2760 | D:3      | Killed Crazy Yiuf
  2760 | D:3      | Reached skill level 5 in Fighting
  2760 | D:3      | Reached skill level 5 in Long Blades
  3329 | D:4      | Reached XP level 7. HP: 35/56 MP: 7/7
  3448 | D:4      | Found an ancient bone altar of Kikubaaqudgha.
  3501 | D:4      | Reached skill level 6 in Long Blades
  3739 | D:4      | Got a smoking spear
  3775 | D:4      | Identified the +5 spear of the Pure Wonders {speed, rC- MR- Int+9} (You found it on level 4 of the Dungeon)
  3857 | D:4      | Found a basalt altar of Yredelemnul.
  3912 | D:4      | Found a white marble altar of Elyvilon.
  3958 | D:4      | Found a blossoming altar of Fedhas.
  4197 | D:5      | Entered Level 5 of the Dungeon
  4197 | D:5      | Noticed Eustachio
  4272 | D:5      | Killed Eustachio
  4272 | D:5      | Reached skill level 7 in Long Blades
  4272 | D:5      | Reached XP level 8. HP: 50/65 MP: 8/8
  4839 | D:5      | Found a sparkling altar of Nemelex Xobeh.
  5204 | D:6      | Got a slimy dagger
  5205 | D:6      | Identified the +7 dagger of Watchfulness {speed, Stlth+} (You found it on level 6 of the Dungeon)
  5256 | D:6      | Reached skill level 8 in Long Blades
  5714 | D:6      | Reached XP level 9. HP: 72/72 MP: 9/9
  5807 | D:6      | Reached skill level 9 in Long Blades
  6446 | D:7      | Found a staircase to the Ecumenical Temple.
  6492 | Temple   | Entered the Ecumenical Temple
  6711 | D:7      | Noticed Prince Ribbit
  6716 | D:7      | Killed Prince Ribbit
  6716 | D:7      | Reached skill level 10 in Long Blades
  6758 | D:7      | Noticed Duvessa
  6760 | D:7      | Noticed Dowan
  6766 | D:7      | Killed Duvessa
  6776 | D:7      | Killed Dowan
  6961 | D:7      | Reached XP level 10. HP: 82/82 MP: 10/10
  7291 | D:8      | Reached skill level 11 in Long Blades
  7449 | D:8      | Found a glowing silver altar of Zin.
  7464 | D:8      | Found an opulent altar of Gozag.
  7498 | D:8      | Noticed a gargoyle
  7530 | D:8      | Killed a gargoyle
  8144 | D:8      | Reached skill level 12 in Long Blades
  8264 | D:8      | Found a burning altar of Makhleb.
  8264 | D:8      | Noticed a blizzard demon
  8269 | D:8      | Became a worshipper of Makhleb the Destroyer
  8421 | D:8      | Reached skill level 10 in Fighting
  8937 | D:8      | Reached * piety under Makhleb
  8963 | D:8      | Reached XP level 11. HP: 89/91 MP: 11/11
  9195 | D:9      | Found Vorch's Jewellery Shoppe.
  9239 | D:9      | HP: 4/92 [adder (2)]
  9240 | D:9      | Shot with an arrow by a centaur

Action                   |  1- 3 |  4- 6 |  7- 9 | 10-12 || total
-------------------------+-------+-------+-------+-------++-------
Melee: Long sword        |   111 |   176 |   500 |   301 ||  1088
  Use: Scroll            |     8 |     7 |     7 |     1 ||    23
       Potion            |       |     1 |       |    10 ||    11
  Eat: Bread ration      |     1 |     1 |     3 |     1 ||     6
       Fruit             |       |       |       |     5 ||     5
       Pizza             |       |       |       |     2 ||     2
